 Dungeon Crawl Stone Soup version 0.22-a0-618-gd6a3efe (webtiles) character file.

115 Amnesiac the Digger (level 4, -4/30 HPs)
             Began as a Mummy Earth Elementalist on July 13, 2018.
             Slain by an ogre
             ... wielding a +0 giant spiked club
              (34 damage)
             ... on level 5 of the Dungeon.
             The game lasted 00:03:18 (2211 turns).

Amnesiac the Digger (Mummy Earth Elementalist)      Turns: 2211, Time: 00:03:19

Health: -4/30      AC:  3    Str: 11    XL:     4   Next: 68%
Magic:  9/9        EV: 12    Int: 15    God:
Gold:   19         SH:  0    Dex: 12    Spells: 3/10 levels left

rFire    x . .     SeeInvis .   i - +0 glaive (venom)
rCold    + . .     Gourm    .   (shield currently unavailable)
rNeg     + + +     Faith    +   c - +0 robe
rPois    ∞         Spirit   .   k - +1 hat
rElec    .         Reflect  .   (no cloak)
rCorr    .         Harm     .   (no gloves)
MR       .....                  (no boots)
Stlth    ++........             f - amulet of faith
HPRegen  0.10/turn              (no ring)
MPRegen  0.11/turn              (no ring)

@: no status effects
A: no food or potions, fire vulnerability, cold resistance 1, negative energy
resistance 3, torment resistance, unbreathing
a: no special abilities


You were on level 5 of the Dungeon.
You were not hungry.

You visited 1 branch of the dungeon, and saw 5 of its levels.

You collected 19 gold pieces.

Inventory:

Hand Weapons
 e - a +0 dagger of protection
 i - a +0 glaive of venom (weapon)
 j - a +0 trident of protection
Missiles
 b - 27 stones (quivered)
Armour
 c - a +0 robe (worn)
 g - a cursed +0 robe
 k - a +1 hat (worn)
Jewellery
 f - an amulet of faith (around neck)
Scrolls
 a - a scroll of remove curse {!r, unknown}
 d - a scroll of immolation {!r, unknown}
 h - a scroll of identify {!r, unknown}
 l - a scroll of teleportation {!r, unknown}


   Skills:
 - Level 1.2 Short Blades
 - Level 1.5 Dodging
 + Level 1.6 Stealth
 + Level 3.7 Spellcasting
 - Level 1.0 Transmutations
 * Level 3.7 Earth Magic


You had 3 spell levels left.
You knew the following spells:

 Your Spells              Type           Power        Failure   Level  Hunger
a - Sandblast             Erth           ##....       4%          1    N/A
b - Passwall              Tmut/Erth      #.......     11%         2    N/A
e - Petrify               Tmut/Erth      #.......     56%         4    N/A

Your spell library contained the following spells:

 Spells                   Type           Power        Failure   Level  Hunger
 Confuse                  Hex            #.......     50%         3    N/A
 Tukima's Dance           Hex            #.......     50%         3    N/A
 Stone Arrow              Conj/Erth      #.....       26%         3    N/A
 Ensorcelled Hibernation  Hex/Ice        #.....       28%         2    N/A
 Corona                   Hex            #......      19%         1    N/A
 Lee's Rapid Deconstruct  Erth           ##........   73%         5    N/A
 Dazzling Spray           Conj/Hex       #.....       50%         3    N/A

Dungeon Overview and Level Annotations

Branches:
Dungeon (5/15)
 Temple: D:4-7

Altars:


Innate Abilities, Weirdness & Mutations

You do not eat or drink.
Your flesh is vulnerable to fire.
You are immune to poison.
Your flesh is cold resistant. (rC+)
You are immune to negative energy. (rN+++)
You are immune to unholy pain and torment.
You can survive without breathing.


Message History

Found a leather armour.
You now have 19 gold pieces (gained 7).
You see here a leather armour.
Found a stone staircase leading down.
Found a ring mail.
Found a robe.
There is a stone staircase leading down here.
k - a glowing hat Wear which item? (? for menu, Esc to quit)
You start putting on your armour.
You continue putting on your glowing hat. x4
You finish putting on your +1 hat.
You see here a robe.
l - a scroll labeled LEGULAPAODGH {!r}
Found a stone staircase leading up.
There is a stone staircase leading up here.
You climb upwards.
There is a stone staircase leading down here.
You climb downwards.
There is a stone staircase leading up here.
You open the door.
There is an open door here.
There is a stone staircase leading down here.
You climb downwards.
There is a stone staircase leading up here.
Found 8 javelins.
A worm comes into view.
Found a blue potion.
Found an escape hatch in the ceiling.
Found a brass ring.
An adder comes into view.
Found a scroll labeled LEGULAPAODGH.
Attack whom?
Press: ? - help, Dir - move target cursor, f - worm
Aim: a worm You reach to attack!
You barely miss the worm. You slash the worm!
The worm is heavily wounded.
The worm barely misses you.
You barely miss the worm.
The worm is moderately wounded.
The worm bites you.
You slash the worm!
The worm looks as sick as possible!
The worm is almost dead.
You kill the worm!
No target in view!
No target in view!
A quokka comes into view.
A quokka is nearby!
Attack whom?
Press: ? - help, Dir - move target cursor, f - quokka
Aim: a quokka You reach to attack!
You barely miss the quokka. The quokka closely misses you.
You slash the quokka!
You kill the quokka!
No target in view!
You see here a quokka corpse.
A worker ant, a centaur and an ogre come into view.
The adder hisses angrily.
The centaur shouts!
You closely miss the adder. The adder misses you. The adder closely misses you.
The adder barely misses you.
You barely miss the adder. The adder barely misses you.
The ogre hits you with a giant spiked club!!
Ouch! That really hurt!
You die...

#.# #### #.#
####... #†#
....... #.#
.......##.#
..........#
..........#
..........#
#+#=.<..(@#
#......OSc....#
#..!....a.....#
#######.......#
.....?..+
#..###### #...
###.


You could see an ogre, a centaur, a worker ant and an adder.

Vanquished Creatures
  2 worker ants (D:4)
  2 gnolls (D:4)
  2 adders
  2 worms
  An orc (D:4)
  4 bats
  2 giant cockroaches
  2 goblins
  2 jackals (D:2)
  3 quokkas
  2 frilled lizards
  2 kobolds (D:1)
  3 rats (D:1)
29 creatures vanquished.

Notes
Turn   | Place    | Note
-------+----------+-------------------------------------------
     0 | D:1      | Amnesiac the Mummy Earth Elementalist began the quest for the Orb.
     0 | D:1      | Reached XP level 1. HP: 13/13 MP: 4/4
   354 | D:1      | Reached XP level 2. HP: 17/19 MP: 5/5
   363 | D:1      | Learned a level 2 spell: Passwall
   504 | D:2      | Reached skill level 1 in Transmutations
   928 | D:3      | Reached skill level 1 in Short Blades
   928 | D:3      | Reached XP level 3. HP: 24/24 MP: 5/7
  1123 | D:4      | HP: 1/24 [worker ant (8)]
  1418 | D:4      | Reached XP level 4. HP: 4/30 MP: 7/9
  1442 | D:4      | Learned a level 4 spell: Petrify
  1675 | D:5      | Entered Level 5 of the Dungeon
  2209 | D:5      | Noticed an ogre
  2209 | D:5      | Noticed a centaur
  2211 | D:5      | Slain by an ogre

Vault maps used:
D:1:      dpeg_arrival_rooms_a
D:2:      serial_aquarium, aquarium_bridge_square, aquarium_window_1,
          aquarium_window_3, aquarium_window_1, aquarium_window_fake,
          aquarium_view_2c, aquarium_view_2b, aquarium_balcony_1b, first_ration
D:3:      minmay_misc_feat_more_columns
D:4:      minmay_strange_pillars
D:5:      minmay_temple_entry_junction, corner_web_ring

Skill      XL: |  1  2 |
---------------+-------+-----
Spellcasting   | 3 |  3.7
Earth Magic    | 3 |  3.7
Transmutations | 1 |  1.0
Short Blades   | 1 |  1.2
Dodging        | |  1.5
Stealth        | |  1.6

Action                   |  1- 3 |  4- 6 || total
-------------------------+-------+-------++-------
Melee: Unarmed           |    26 |       ||    26
       Dagger            |   124 |       ||   124
       Glaive            |     7 |    19 ||    26
 Cast: Sandblast         |     8 |     6 ||    14
       Passwall          |     1 |       ||     1
 Stab: Sleeping          |     1 |       ||     1
Armor: Robe              |    68 |       ||    68
Dodge: Dodged            |   110 |    15 ||   125

Table legend:
 A = Spawn XP
 B = Non-spawn XP
 C = Spawn XP percentage of total XP
 D = Spawn monster count
 E = Non-spawn monster count
 F = Spawn count percentage of total count
 G = Total turns spent on level
                    A         B        C        D         E        F      G
               +---------+---------+-------+---------+---------+-------+---------
         Total |       0 |     165 |   0.0 |       0 |      29 |   0.0 |  2211
               +---------+---------+-------+---------+---------+-------+---------
           D:1 |       0 |      14 |   0.0 |       0 |      10 |   0.0 |   370
           D:2 |       0 |      21 |   0.0 |       0 |       5 |   0.0 |   504
           D:3 |       0 |      26 |   0.0 |       0 |       7 |   0.0 |   265
           D:4 |       0 |      97 |   0.0 |       0 |       5 |   0.0 |  1029
           D:5 |       0 |       7 |   0.0 |       0 |       2 |   0.0 |    43
               +---------+---------+-------+---------+---------+-------+---------
